 Dungeon Crawl Stone Soup version 0.18-a0-845-gc59c8fa (webtiles) character file.

100 HrabiaVulpes the Conjurer (level 4, 0/24 HPs)
             Began as a Tengu Conjurer on Dec 19, 2015.
             Slain by a worm (8 damage)
             ... on level 2 of the Dungeon.
             The game lasted 00:09:47 (2181 turns).

HrabiaVulpes the Conjurer (Tengu Conjurer)          Turns: 2181, Time: 00:09:47

Health: 0/24       AC:  2    Str:  8    XL:     4   Next: 74%
Magic:  2/9        EV: 13    Int: 16    God:
Gold:   142        SH:  0    Dex: 15    Spells: 2 memorised, 5 levels left

rFire  . . .     SeeInvis .     j - +0 dagger
rCold  . . .     Gourm    .     a - +0 robe
rNeg   . . .     Faith    .     (no shield)
rPois  .         Spirit   .     (helmet restricted)
rElec  .         Dismiss  .     (no cloak)
rCorr  .         Reflect  .     (no gloves)
SustAt .         Harm     .     (boots unavailable)
MR     .....                    (no amulet)
Stlth  ++........               (no ring)
                                (no ring)

@: not resistant to hostile enchantments, unstealthy
A: beak, talons 3
a: no special abilities


You were on level 2 of the Dungeon.
You were not hungry.

You visited 1 branch of the dungeon, and saw 3 of its levels.

You collected 142 gold pieces.

Inventory:

Hand Weapons
 j - a +0 dagger (weapon)
 r - a +1 dagger of venom
Armour
 a - a +0 robe (worn)
Jewellery
 l - an uncursed ring of see invisible {unknown}
 q - an uncursed amulet of rage {unknown}
Wands
 d - a wand of slowing (33/48)
Scrolls
 e - 3 scrolls of remove curse
Potions
 g - 2 potions of invisibility {unknown}
 i - 2 potions of curing
Books
 b - a book of Conjurations

   Spells                             Type                      Level
   a - Magic Dart                     Conjuration                  1
   b - Searing Ray                    Conjuration                  2
   c - Dazzling Spray                 Conjuration/Hexes            3
   d - Fulminant Prism                Conjuration/Hexes            4
   e - Iskenderun's Mystic Blast      Conjuration                  4
   f - Iskenderun's Battlesphere      Conjuration/Charms           5
 n - a book of Battle

   Spells                             Type                      Level
   a - Infusion                       Charms                       1
   b - Shroud of Golubria             Charms/Translocation         2
   c - Song of Slaying                Charms                       2
   d - Spectral Weapon                Hexes/Charms                 3
   e - Regeneration                   Charms/Necromancy            3
Miscellaneous
 p - a plain deck of defence {drawn: 1}
Comestibles
 c - 2 bread rations
 f - 4 chunks of flesh
 m - a meat ration


   Skills:
 + Level 3.1 Dodging
 + Level 3.1 Stealth
 + Level 2.6 Spellcasting
 + Level 6.1 Conjurations


You had 5 spell levels left.
You knew the following spells:

 Your Spells              Type           Power        Failure   Level  Hunger
a - Magic Dart            Conj           ###.         1%          1    #......
b - Searing Ray           Conj           ###...       2%          2    ##.....


Dungeon Overview and Level Annotations

Branches:
Dungeon (3/15)

Altars:
Nemelex Xobeh
Qazlal


Innate Abilities, Weirdness & Mutations

You have a beak for a mouth.
You have claws for feet.


Message History

The worm is heavily wounded.
Casting: Magic Dart
Confirm with . or Enter, or press ? or * to list all spells.
Aiming: Magic Dart
Press: ? - help, Shift-Dir - straight line, f/p - worm
Aim: a worm (heavily wounded)
The magic dart hits the worm.
The worm is severely wounded.
The worm bites you!
You climb upwards.
There is a stone staircase leading down here.
Casting: Magic Dart
Confirm with . or Enter, or press ? or * to list all spells.
Aiming: Magic Dart
Press: ? - help, Shift-Dir - straight line, f - worm
Aim: a worm (severely wounded)
The magic dart hits the worm.
The worm is almost dead.
The worm bites you!
You die...

##.# #.##.#..........
#.# #.##.#.#..(..###
##.###.##.#.#.(...# #
#.....#.........### #
#..#.###.#..##..# #
#...#####...##..# #
#..#........##).## #
#..#......#._....# #
#..w@.......##...#
#.##.....#.##....#
#.###....#.##.#..#
#................#
#######..####.##.####
#..............
#.#####.###.### #.#
#.# #.# #.# #.# #.#


You could see a worm.

Vanquished Creatures
  Terence (D:3)
  2 adders
  A gnoll (D:1)
  An ooze (D:1)
  A worm (D:2)
  A giant gecko (D:2)
  3 giant cockroaches
  4 goblins
  4 hobgoblins
  4 jackals (D:2)
  7 bats
  3 giant newts
  5 kobolds
  7 rats
44 creatures vanquished.

Notes
Turn   | Place    | Note
--------------------------------------------------------------
     0 | D:1      | HrabiaVulpes the Tengu Conjurer began the quest for the Orb.
     0 | D:1      | Reached XP level 1. HP: 10/10 MP: 4/4
   152 | D:1      | Reached XP level 2. HP: 4/15 MP: 0/6
   692 | D:1      | Reached XP level 3. HP: 19/19 MP: 0/7
   806 | D:1      | Learned a level 2 spell: Searing Ray
  1251 | D:2      | Found a sparkling altar of Nemelex Xobeh.
  1424 | D:2      | Found a stormy altar of Qazlal.
  1587 | D:2      | Reached XP level 4. HP: 24/24 MP: 4/8
  1920 | D:2      | Reached skill level 6 in Conjurations
  2021 | D:3      | Noticed Terence
  2025 | D:3      | Killed Terence
  2181 | D:2      | Slain by a worm

Vault maps used:
D:1:      shiori_arrival_elements
D:2:      lemuel_crystal_altar, minmay_misc_feat_x, nemelex_deck
D:3:      marbit_many_paths, uniq_terence

Action                   |  1- 3 |  4- 6 || total
-------------------------+-------+-------++-------
Melee: Unarmed           |    19 |       ||    19
       Dagger            |     3 |       ||     3
 Cast: Magic Dart        |    62 |    25 ||    87
       Searing Ray       |     1 |     2 ||     3
Evoke: Deck              |       |     1 ||     1
  Use: Potion            |       |     4 ||     4
       Scroll            |       |     3 ||     3
  Eat: Chunk             |     3 |     2 ||     5
